BSA
JERSEY SHORE D-BAGS @ GREENVILLE 84S
08/20/2030
 
TOP OF THE 1ST
Jersey Shore D-Bags batting - Pitching for Greenville 84s : RHP Andrés Vázquez
Pitching: RHP Andrés Vázquez
Batting: LHB José Delgado 0-0: Called Strike
0-1: Foul Ball, location: 2F
0-2: Foul Ball, location: 2F
0-2: Strikes out swinging
Batting: RHB Ricardo González 0-0: Called Strike
0-1: Foul Ball, location: 2F
0-2: Ball
1-2: Ball
2-2: Ground out 5-3 (Groundball, 56S)
Batting: LHB Dave Dodd 0-0: Ground out 4-3 (Groundball, 4)
Top of the 1st over - 0 runs, 0 hits, 0 errors, 0 left on base; Jersey Shore 0 - Greenville 0
BOTTOM OF THE 1ST
Greenville 84s batting - Pitching for Jersey Shore D-Bags : RHP Mario Chávez
Pitching: RHP Mario Chávez
Batting: LHB Stanley Smith 0-0: Foul Ball, location: 2F
0-1: Fly out, F8 (Flyball, 89M)
Batting: RHB Ramiro Chávez 0-0: Ball
1-0: Ball
2-0: Ball
3-0: Called Strike
3-1: Called Strike
3-2: Base on Balls
Batting: RHB Pat Fernández 0-0: Called Strike
0-1: SINGLE (Line Drive, 9LM)
Ramiro Chávez to second
Batting: LHB Dave Raines 0-0: Ball
1-0: Ball
2-0: Ball
3-0: Foul Ball, location: 2F
3-1: Base on Balls
Ramiro Chávez to third
Pat Fernández to second
Batting: LHB Jimmy Vickers 0-0: Called Strike
0-1: Ball
1-1: Fly out, F7 (Flyball, 78D)
Runner from 3rd tags up, OUT at HOME
Bottom of the 1st over - 0 runs, 1 hit, 0 errors, 2 left on base; Jersey Shore 0 - Greenville 0
TOP OF THE 2ND
Jersey Shore D-Bags batting - Pitching for Greenville 84s : RHP Andrés Vázquez
Batting: RHB Ben Morton 0-0: Called Strike
0-1: Ground out 6-3 (Groundball, 56)
Batting: LHB António Cedeńo 0-0: Called Strike
0-1: Ground out 6-3 (Groundball, 56)
Batting: RHB Francisco Sandoval 0-0: Ball
1-0: Swinging Strike
1-1: Foul Ball, location: 2F
1-2: Foul Ball, location: 2F
1-2: Ball
2-2: Strikes out looking
Top of the 2nd over - 0 runs, 0 hits, 0 errors, 0 left on base; Jersey Shore 0 - Greenville 0
BOTTOM OF THE 2ND
Greenville 84s batting - Pitching for Jersey Shore D-Bags : RHP Mario Chávez
Batting: RHB Casey Fox 0-0: Ball
1-0: Fly out, F5 (Line Drive, 5S)
Batting: LHB Robert Moore 0-0: Ground out 4-3 (Groundball, 4)
Batting: RHB Robert Buckley 0-0: Ball
1-0: Ball
2-0: Foul Ball, location: 2F
2-1: Ball
3-1: Foul Ball, location: 2F
3-2: Foul Ball, location: 2F
3-2: SINGLE (Groundball, 56D)
Batting: RHB Jeff Packard 0-0: Called Strike
0-1: Fly out, F7 (Flyball, 7S)
Bottom of the 2nd over - 0 runs, 1 hit, 0 errors, 1 left on base; Jersey Shore 0 - Greenville 0
TOP OF THE 3RD
Jersey Shore D-Bags batting - Pitching for Greenville 84s : RHP Andrés Vázquez
Batting: LHB Ray Bryant 0-0: Called Strike
0-1: Called Strike
0-2: Foul Ball, location: 2F
0-2: Foul Ball, location: 2F
0-2: Strikes out swinging
Batting: RHB Tyler Wagner 0-0: Ball
1-0: Ground out 4-3 (Groundball, 4M)
Batting: RHB José Pinto 0-0: Ball
1-0: Foul Ball, location: 2F
1-1: Ball
2-1: Foul Ball, location: 2F
2-2: Ball
3-2: Strikes out looking
Top of the 3rd over - 0 runs, 0 hits, 0 errors, 0 left on base; Jersey Shore 0 - Greenville 0
BOTTOM OF THE 3RD
Greenville 84s batting - Pitching for Jersey Shore D-Bags : RHP Mario Chávez
Batting: LHB Stanley Smith 0-0: Ball
1-0: Ball
2-0: Called Strike
2-1: Called Strike
2-2: Ground out U3 (Groundball, 3)
Batting: RHB Ramiro Chávez 0-0: Ball
1-0: Fly out, F9 (Flyball, 9)
Batting: RHB Pat Fernández 0-0: Ball
1-0: Foul Ball, location: 2F
1-1: Ball
2-1: Ground out 4-3 (Groundball, 4)
Bottom of the 3rd over - 0 runs, 0 hits, 0 errors, 0 left on base; Jersey Shore 0 - Greenville 0
TOP OF THE 4TH
Jersey Shore D-Bags batting - Pitching for Greenville 84s : RHP Andrés Vázquez
Batting: LHB José Delgado 0-0: Ball
1-0: Ball
2-0: DOUBLE (Line Drive, 3D)
Batting: RHB Ricardo González 0-0: Called Strike
0-1: Ball
1-1: SINGLE (Flyball, 7LM)
José Delgado to third
Runner from 3rd tries for Home, SAFE, throw made home
Batting: LHB Dave Dodd 0-0: Ground out U3 (Groundball, 3L)
Ricardo González to second
Batting: RHB Ben Morton 0-0: Ball
1-0: Called Strike
Ricardo González is caught stealing 3rd base
1-1: Fly out, F7 (Flyball, 78M)
Top of the 4th over - 1 run, 2 hits, 0 errors, 0 left on base; Jersey Shore 1 - Greenville 0
BOTTOM OF THE 4TH
Greenville 84s batting - Pitching for Jersey Shore D-Bags : RHP Mario Chávez
Batting: LHB Dave Raines 0-0: Ball
1-0: Fly out, F9 (Flyball, 9)
Batting: LHB Jimmy Vickers 0-0: Ball
1-0: Swinging Strike
1-1: Ball
2-1: Ground out 5-3 (Groundball, 56S)
Batting: RHB Casey Fox 0-0: Ball
1-0: Swinging Strike
1-1: Ground out 6-3 (Groundball, 6)
Bottom of the 4th over - 0 runs, 0 hits, 0 errors, 0 left on base; Jersey Shore 1 - Greenville 0
TOP OF THE 5TH
Jersey Shore D-Bags batting - Pitching for Greenville 84s : RHP Andrés Vázquez
Batting: LHB António Cedeńo 0-0: DOUBLE (Flyball, 89D)
Batting: RHB Francisco Sandoval 0-0: Fly out, F9 (Flyball, 9)
Runner from 2nd tags up, SAFE at 3rd with throw
Batting: LHB Ray Bryant 0-0: Intentional Walk
Batting: RHB Tyler Wagner 0-0: Called Strike
0-1: Ball
1-1: Ball
2-1: Grounds into double play, 6-4-3 (Groundball, 6)
Top of the 5th over - 0 runs, 1 hit, 0 errors, 1 left on base; Jersey Shore 1 - Greenville 0
BOTTOM OF THE 5TH
Greenville 84s batting - Pitching for Jersey Shore D-Bags : RHP Mario Chávez
Batting: LHB Robert Moore 0-0: Called Strike
0-1: Ball
1-1: Ball
2-1: SOLO HOME RUN (Flyball, 89XD), Distance : 429 ft
Batting: RHB Robert Buckley 0-0: Called Strike
0-1: Ball
1-1: Foul Ball, location: 2F
1-2: SINGLE (Line Drive, 8LS)
Batting: RHB Jeff Packard 0-0: Ball
1-0: Ball
2-0: Ball
3-0: Base on Balls
Robert Buckley to second
Batting: LHB Stanley Smith 0-0: Ball
1-0: Fielders Choice at 2nd, 4-6 (Groundball, 4)
Robert Buckley to third
Batting: RHB Ramiro Chávez 0-0: SINGLE (Groundball, 6MD)
Robert Buckley scores
Stanley Smith to second
Runner from 2nd tries for 3rd, SAFE, no throw
Batting: RHB Pat Fernández 0-0: Ball
1-0: Ball
2-0: Swinging Strike
2-1: DOUBLE (Line Drive, 7LD)
Stanley Smith scores
Ramiro Chávez to third
Runner from 3rd tries for Home, SAFE, no throw
Batting: LHB Dave Raines 0-0: Fly out, F7 (Flyball, 7S)
Batting: LHB Jimmy Vickers 0-0: Ball
1-0: Ground out 4-3 (Groundball, 4)
Bottom of the 5th over - 4 runs, 4 hits, 0 errors, 1 left on base; Jersey Shore 1 - Greenville 4
TOP OF THE 6TH
Jersey Shore D-Bags batting - Pitching for Greenville 84s : RHP Andrés Vázquez
Batting: RHB José Pinto 0-0: Ball
1-0: Called Strike
1-1: Swinging Strike
1-2: Ball
2-2: Ball
3-2: Foul Ball, location: 2F
3-2: Strikes out looking
Batting: LHB José Delgado 0-0: Called Strike
0-1: Ground out 4-3 (Groundball, 4S)
Batting: RHB Ricardo González 0-0: Foul Ball, location: 2F
0-1: Fly out, F8 (Flyball, 8LD)
Top of the 6th over - 0 runs, 0 hits, 0 errors, 0 left on base; Jersey Shore 1 - Greenville 4
BOTTOM OF THE 6TH
Greenville 84s batting - Pitching for Jersey Shore D-Bags : RHP Mario Chávez
Batting: RHB Casey Fox 0-0: Swinging Strike
0-1: Ball
1-1: Fly out, F7 (Line Drive, 7S)
Batting: LHB Robert Moore 0-0: Ball
1-0: Called Strike
1-1: Called Strike
1-2: Ball
2-2: Fly out, F8 (Flyball, 8LXD)
Batting: RHB Robert Buckley 0-0: Ball
1-0: Fly out, F4 (Line Drive, 4M)
Bottom of the 6th over - 0 runs, 0 hits, 0 errors, 0 left on base; Jersey Shore 1 - Greenville 4
TOP OF THE 7TH
Jersey Shore D-Bags batting - Pitching for Greenville 84s : RHP Andrés Vázquez
Batting: LHB Dave Dodd 0-0: Called Strike
0-1: Ball
1-1: Ball
2-1: Swinging Strike
2-2: Foul Ball, location: 2F
2-2: DOUBLE (Line Drive, 9LS)
Batting: RHB Ben Morton 0-0: Called Strike
0-1: Ball
1-1: SINGLE (Line Drive, 78S)
Dave Dodd to third
Runner from 3rd tries for Home, SAFE, throw made home
Batting: LHB António Cedeńo 0-0: Ball
1-0: Foul Ball, location: 2F
1-1: Foul Ball, location: 2F
1-2: Ball
2-2: Foul Ball, location: 2F
2-2: Strikes out swinging
Batting: RHB Francisco Sandoval 0-0: Foul Ball, location: 2F
0-1: Fly out, F7 (Flyball, 7D)
Batting: LHB Ray Bryant 0-0: Ball
1-0: Called Strike
1-1: Foul Ball, location: 2F
1-2: Ball
2-2: Ball
3-2: Fly out, F7 (Flyball, 7LSF)
Top of the 7th over - 1 run, 2 hits, 0 errors, 1 left on base; Jersey Shore 2 - Greenville 4
BOTTOM OF THE 7TH
Greenville 84s batting - Pitching for Jersey Shore D-Bags : RHP Mario Chávez
Batting: RHB Jeff Packard 0-0: Ball
1-0: Called Strike
1-1: Swinging Strike
1-2: Ball
2-2: Strikes out swinging
Batting: LHB Stanley Smith 0-0: Swinging Strike
0-1: Foul Ball, location: 2F
0-2: Ball
1-2: Foul Ball, location: 2F
1-2: Ball
2-2: Foul Ball, location: 2F
2-2: Ball
3-2: Strikes out swinging
Batting: RHB Ramiro Chávez 0-0: Ball
1-0: Foul Ball, location: 2F
1-1: Called Strike
1-2: Ball
2-2: Ball
3-2: DOUBLE (Line Drive, 8LXD)
Batting: RHB Pat Fernández 0-0: Called Strike
0-1: Ball
1-1: Ball
2-1: Foul Ball, location: 2F
2-2: Foul Ball, location: 2F
2-2: Foul Ball, location: 2F
2-2: Ball
3-2: Strikes out looking
Bottom of the 7th over - 0 runs, 1 hit, 0 errors, 1 left on base; Jersey Shore 2 - Greenville 4
TOP OF THE 8TH
Jersey Shore D-Bags batting - Pitching for Greenville 84s : RHP Andrés Vázquez
Pitching: RHP Ricardo Trujillo
Batting: RHB Tyler Wagner 0-0: Foul Ball, location: 2F
0-1: SINGLE (Groundball, 56D)
Batting: RHB José Pinto 0-0: Foul Ball, location: 2F
0-1: Ball
1-1: Swinging Strike
1-2: Ball
2-2: Strikes out swinging
Pitching: LHP Walt MacKey
Batting: LHB José Delgado 0-0: Foul Ball, location: 2F
0-1: Fly out, F7 (Flyball, 7LM)
Pitching: LHP Raymond Ritchie
Batting: RHB Ricardo González 0-0: Ball
1-0: Foul Ball, location: 2F
1-1: Ball
2-1: Ground out 4-3 (Groundball, 4)
Top of the 8th over - 0 runs, 1 hit, 0 errors, 1 left on base; Jersey Shore 2 - Greenville 4
BOTTOM OF THE 8TH
Greenville 84s batting - Pitching for Jersey Shore D-Bags : RHP Mario Chávez
Pitching: LHP Aaron Gibbs
Batting: LHB Dave Raines 0-0: Foul Ball, location: 2F
0-1: Ball
1-1: Foul Ball, location: 2F
1-2: Strikes out looking
Batting: LHB Jimmy Vickers 0-0: Called Strike
0-1: Swinging Strike
0-2: Foul Ball, location: 2F
0-2: Strikes out swinging
Batting: RHB Casey Fox 0-0: Reached on error, E3 (Groundball, 34)
Batting: LHB Robert Moore 0-0: Ground out 4-3 (Groundball, 4)
Bottom of the 8th over - 0 runs, 0 hits, 1 error, 1 left on base; Jersey Shore 2 - Greenville 4
TOP OF THE 9TH
Jersey Shore D-Bags batting - Pitching for Greenville 84s : LHP Raymond Ritchie
Pitching: RHP Alejandro Hernández
Batting: LHB Dave Dodd 0-0: Ball
1-0: Fly out, F9 (Flyball, 9S)
Batting: RHB Ben Morton 0-0: Hit by Pitch
Batting: LHB António Cedeńo 0-0: SINGLE (Groundball, 34D)
Ben Morton to second
Batting: RHB Francisco Sandoval 0-0: Ground out 5-3 (Groundball, 56S)
Ben Morton to third
António Cedeńo to second
Batting: LHB Ray Bryant 0-0: Ball
1-0: Foul Ball, location: 2F
1-1: Foul Ball, location: 2F
1-2: Ball
2-2: Strikes out looking
Top of the 9th over - 0 runs, 1 hit, 0 errors, 2 left on base; Jersey Shore 2 - Greenville 4
Saturday, April 7th, 2018 - OOTP Baseball 18.8 Build 76